 Dungeon Crawl Stone Soup version 0.30-a0-879-ga8ba668304 (console) character file.

Game seed: 16831595307997029738

709 Banquo the Magician (level 8, -4/56 HPs)
             Began as a Djinni Air Elementalist on Mar 13, 2023.
             Was a Follower of Nemelex Xobeh.
             Slain by an ogre
             ... wielding a +0 giant spiked club
              (35 damage)
             ... on level 5 of the Dungeon.
             The game lasted 00:13:59 (4033 turns).

Banquo the Magician (Djinni Air Elementalist)       Turns: 4033, Time: 00:14:03

Health: -4/56      AC:  2    Str:  7    XL:     8   Next: 0%
Gold:   239        EV: 12    Int: 20    God:    Nemelex Xobeh [*.....] SH:  0 Dex: 13

rFire   + + +      SeeInvis .    f - +0 trident
rCold   x . .      Faith    .    (no shield)
rNeg    + . .      Spirit   .    a - +0 robe
rPois   ∞          Reflect  .    (no helmet)
rElec   .          Rampage  .    (no cloak)
rCorr   .                        (no gloves)
Will    .....                    (boots unavailable)
Stlth   ++                       (no amulet)
HPRegen 0.29/turn                j - ring of protection from fire
MPRegen 0.00/turn                q - ring of positive energy

@: swift, flying, quick
A: sickness immunity, fire resistance 2, cold vulnerability 1, float, innate
caster, HP casting, extra vitality 1
a: Renounce Religion, Draw Escape, Draw Destruction, Draw Summoning


You were on level 5 of the Dungeon.
You worshipped Nemelex Xobeh.
Nemelex Xobeh was aware of your devotion.
You visited 1 branch of the dungeon, and saw 5 of its levels.

You collected 239 gold pieces.

Inventory:

Hand Weapons
 c - a +0 spear
 f - a +0 trident (weapon)
Missiles
 n - a throwing net
Armour
 a - a +0 robe (worn)
 v - the +9 scales of the Dragon King {rPois rF+ rC+ Will+}
   (You found it on level 4 of the Dungeon)

   rF:        It protects you from fire.
   rC:        It protects you from cold.
   rPois:     It protects you from poison.
   Will:      It increases your willpower.
Jewellery
 j - a ring of protection from fire (left hand)
 q - a ring of positive energy (right hand)
Scrolls
 d - 2 scrolls of teleportation {unknown}
 g - 2 scrolls of enchant weapon {unknown}
 k - a scroll of fear {unknown}
 r - a scroll of poison {unknown}
 s - a scroll of amnesia {unknown}
 t - a scroll of identify {unknown}
 u - a scroll of butterflies {unknown}
 w - a scroll of fog {unknown}
Potions
 b - a potion of flight {unknown}
 e - 2 potions of magic {unknown}
 h - 2 potions of resistance {unknown}
 i - a potion of brilliance {unknown}
 l - a potion of attraction {unknown}
 m - a potion of might {unknown}
 o - 2 potions of curing {unknown}
 p - a potion of heal wounds {unknown}


   Skills:
 * Level 3.0 Fighting
 * Level 1.5 Armour
 * Level 2.9 Dodging
 - Level 1.5 Stealth
 + Level 5.7 Spellcasting
 * Level 1.5 Invocations


You knew the following spells:

 Your Spells              Type           Power      Damage    Failure   Level
a - Shock                 Conj/Air       100%       1d9       1%          1
d - Static Discharge      Conj/Air       56%        2-5/arc   1%          2
e - Necrotise             Necr           100%       1d9       1%          1
p - Poisonous Vapours     Pois/Air       56%        N/A       1%          2
t - Teleport Other        Tloc           28%        N/A       3%          3
z - Airstrike             Air            14%        2d(2-18)  11%         4
M - Swiftness             Air            28%        N/A       3%          3
Your spell library was empty.

Dungeon Overview and Level Annotations

Branches:
Dungeon (5/15)
 Temple: D:4-7

Altars:
Makhleb
Nemelex Xobeh
Yredelemnul
The Shining One

Shops:
D:2 [   D:3 (


Innate Abilities, Weirdness & Mutations

You are immune to sickness and miasma.
You are immune to poison.
Your flesh is very heat resistant. (rF++)
You are vulnerable to cold. (rC-)
You float through the air rather than walking.
You learn spells naturally, not from books.
Your magical power is your life essence.
You have superior vitality. (+4 MHP)


Message History

The lightning grounds out.
The hound bites you but does no damage.
Casting: Static Discharge (safe; 1% risk of failure)
Confirm with . or Enter, or press ? or * to list all spells.
The hound is struck by an arc of lightning.
The hound is heavily wounded.
The ogre is struck by an arc of lightning.
The ogre is severely wounded.
The hound is struck by an arc of lightning.
The hound is severely wounded.
The lightning grounds out.
The hound closely misses you. The ogre closely misses you. The hound bites you.
Casting: Static Discharge (safe; 1% risk of failure)
Confirm with . or Enter, or press ? or * to list all spells.
The hound is struck by an arc of lightning.
You kill the hound!
The ogre is struck by an arc of lightning.
The ogre is severely wounded.
The lightning grounds out.
The ogre is struck by an arc of lightning.
The ogre is almost dead.
You are struck by an arc of lightning.
The lightning grounds out.
The ogre hits you with a +0 giant spiked club.
Your Fighting skill increases to level 3!
You have reached level 8!
You feel clever.
Press: ? - help, v - describe, . - travel
Here: an ogre, wielding a +0 giant spiked club (almost dead)
The floor.
Unknown command.
Aiming: Poisonous Vapours (safe; 1% risk of failure)
Press: ? - help, Q - select action, (/) - cycle Dir - move target, f/p - ogre
Aim: an ogre, wielding a +0 giant spiked club (almost dead) Poisonous vapours surround the ogre!
The ogre is poisoned.
Casting: Poisonous Vapours (safe; 1% risk of failure)
Confirm with . or Enter, or press ? or * to list all spells.
You feel quick.
The ogre hits you with a +0 giant spiked club!!
Ouch! That really hurt!
You die...
Your body disappears without a glow.

#### #..################
+.................#
#.................#
#<....†............
#.................#
+###+#..O..............#
.......@...............#
.......................#
.......................#
.......................#
...........(...........#
.......................#
......................<.
........................
..............


You could see an ogre (very poisoned).

Vanquished Creatures
  An ogre (D:4)
  A kobold brigand (D:4)
  3 scorpions
  A centaur zombie (D:3)
  A jelly (D:5)
  An orc priest (D:4)
  A hound (D:5)
  An iguana (D:4)
  A scorpion zombie (D:3)
  A hound zombie (D:3)
  2 hound skeletons (D:3)
  4 gnolls (D:4)
  3 adders
  2 ufetubi
  An adder skeleton (D:3)
  2 worms
  5 dart slugs
  6 orcs
  7 bats
  5 endoplasms
  4 giant cockroaches
  10 goblins
  6 hobgoblins
  2 quokkas
  7 ball pythons
  6 frilled lizards
  6 kobolds
  A quokka skeleton (D:3)
  5 rats
96 creatures vanquished.

Vanquished Creatures (others)
  A plant (D:3)
  3 withered plants (D:3)
4 creatures vanquished.

Grand Total: 100 creatures vanquished

Notes
Turn   | Place    | Note
-------+----------+-------------------------------------------
     0 | D:1      | Banquo the Djinni Air Elementalist began the quest for the
                  | Orb.
     0 | D:1      | Banquo set off with the following spells memorised: Shock,
                  | Static Discharge, Swiftness, Airstrike.
     0 | D:1      | Reached XP level 1. HP: 15/15 MP: 0/0
   168 | D:1      | Reached XP level 2. HP: 20/22 MP: 0/0
   528 | D:1      | Reached skill level 3 in Spellcasting
   559 | D:1      | Reached XP level 3. HP: 20/26 MP: 0/0
   559 | D:1      | Learned a level 1 spell: Necrotise
   611 | D:1      | Reached skill level 1 in Fighting
   901 | D:2      | Found Yjuan's Antique Armour Boutique.
  1195 | D:2      | Reached XP level 4. HP: 10/32 MP: 0/0
  1841 | D:3      | Found Viuschuvu's Antique Weapon Shop.
  1932 | D:3      | Reached skill level 4 in Spellcasting
  1932 | D:3      | Reached XP level 5. HP: 26/38 MP: 0/0
  1932 | D:3      | Learned a level 2 spell: Poisonous Vapours
  2001 | D:3      | Noticed a golden eye
  2003 | D:3      | Found a faded altar of an unknown god.
  2004 | D:3      | Noticed a shining eye
  2004 | D:3      | Noticed a floating eye
  2004 | D:3      | Noticed a golden eye
  2217 | D:3      | Reached XP level 6. HP: 31/43 MP: 0/0
  2712 | D:4      | Found a sparkling altar of Nemelex Xobeh.
  2743 | D:4      | Became a worshipper of Nemelex Xobeh the Trickster
  2848 | D:4      | Noticed an ogre
  2882 | D:4      | Killed an ogre
  2883 | D:4      | Reached skill level 5 in Spellcasting
  2883 | D:4      | Reached XP level 7. HP: 46/49 MP: 0/0
  2883 | D:4      | Learned a level 3 spell: Teleport Other
  2974 | D:4      | Found the +9 scales of the Dragon King {rPois rF+ rC+
                  | Will+}
  3180 | D:4      | Found a burning altar of Makhleb.
  3385 | D:4      | Found a basalt altar of Yredelemnul.
  3393 | D:4      | Noticed a profane servitor
  3403 | D:4      | Found a glowing golden altar of the Shining One.
  3405 | D:4      | Noticed an angel
  3606 | D:4      | Reached skill level 1 in Armour
  3606 | D:4      | Reached skill level 1 in Invocations
  3777 | D:5      | Entered Level 5 of the Dungeon
  3840 | D:5      | Reached * piety under Nemelex Xobeh
  4029 | D:5      | Reached XP level 8. HP: 34/56 MP: 0/0
  4033 | D:5      | Slain by an ogre

Illustrated notes

Levels and vault maps discovered:
D:1:      giann_bridges, layout_loops_ring
D:2:      layout_basic, serial_shops, shop_fountains, nrook_mini_vaults,
          minmay_quantized
D:3:      layout_loops_cross, serial_shops, nicolae_shop_overgrown_old_shop,
          serial_undead, serial_undead_a, serial_undead_f, serial_undead_f,
          serial_undead_f, hellmonk_ecumenical_altar_watching_god
D:4:      layout_gridville, grunt_temple_overflow_holy_war, marbit_many_paths,
          mainiacjoe_overflow_small_starburst
D:5:      layout_basic, amethyst_overflow_temple_binary,
          mainiacjoe_overflow_six_doors_small, minmay_temple_entry_wispy,
          hex_large, st_stairs_5, hex_medium, minmay_mini_ossuary

Skill      XL: |  1  2  3  4  5  6  7 |
---------------+----------------------+-----
Spellcasting   | 3 4 5 |  5.7
Fighting       | 1 2 3 |  3.0
Armour         | 1 |  1.5
Invocations    | 1 |  1.5
Dodging        | |  2.9
Stealth        | |  1.5

Action                     |  1- 3 |  4- 6 |  7- 9 || total
---------------------------+-------+-------+-------++-------
   Cast: Shock             |    84 |   104 |    29 ||   217
         Poisonous Vapours |       |    15 |    13 ||    28
         Static Discharge  |       |       |     6 ||     6
         Swiftness         |       |       |     2 ||     2
 Armour: Robe              |     2 |     9 |     2 ||    13
  Dodge: Dodged            |     5 |    32 |    16 ||    53

Table legend: (Time is in decaauts)
 A = Elapsed time spent in this place.
 B = Non-inter-level travel time spent in this place.
 C = Inter-level travel time spent in this place.
 D = Time resting spent in this place.
 E = Time spent auto-exploring this place.
 F = Levels seen in this place.
 G = Mean time per level.
                   A        B        C        D        E       F      G
               +--------+--------+--------+--------+--------+-----+--------+
         Total |   4034 |   3661 |    373 |    238 |   2773 |   5 |  806.8 |
       Dungeon |   4034 |   3661 |    373 |    238 |   2773 |   5 |  806.8 |
               +--------+--------+--------+--------+--------+-----+--------+

Top non-repeatable levels by time:
     D:4: 1176 daAuts
     D:3: 972 daAuts
     D:2: 872 daAuts
     D:1: 867 daAuts
     D:5: 145 daAuts
